 Dungeon Crawl Stone Soup version 0.26.0-10-g1f06aea511 (webtiles) character file.

Game seed: 5119605277875393599

7568 sanka the Markself (level 10, -5/53 HPs)
             Began as a Deep Elf Hunter on Jan 21, 2021.
             Was a Priest of Okawaru.
             Slain by a troll (8 damage)
             ... on level 10 of the Dungeon on Jan 22, 2021.
             The game lasted 00:28:05 (15781 turns).

sanka the Markself (Deep Elf Hunter)               Turns: 15781, Time: 00:28:05

Health: -5/53      AC: 11    Str: 12    XL:     10   Next: 97%
Magic:  0/15       EV: 22    Int: 17    God:    Okawaru [***...]
Gold:   692        SH:  0    Dex: 15    Spells: 9/9 levels left

rFire    . . .     SeeInvis +   b - +5 quarterstaff (pain)
rCold    + . .     Faith    .   (shield currently unavailable)
rNeg     + . .     Spirit   +   x - +2 ring mail {rC+}
rPois    .         Reflect  .   j - +0 helmet
rElec    .         Harm     .   f - +0 cloak
rCorr    .         Rampage  .   l - +0 pair of gloves
Will     +....                  (no boots)
Stlth    +++.......             g - amulet of guardian spirit
HPRegen  0.17/turn              A - ring of positive energy
MPRegen  0.14/turn              e - ring of see invisible

@: heroism
A: no striking features
a: Renounce Religion, Heroism


You were on level 10 of the Dungeon.
You worshipped Okawaru.
Okawaru was most pleased with you.
You visited 2 branches of the dungeon, and saw 11 of its levels.

You collected 692 gold pieces.


   Skills:
 - Level 2.0(7.0) Fighting
 - Level 15.0(20.0) Bows
 + Level 13.6(18.6) Dodging
 - Level 1.2(6.2) Stealth
 - Level 4.0 Invocations


You had 9 spell levels left.
You didn't know any spells.
Your spell library contained the following spells:

 Spells                   Type           Power        Failure   Level
 Beastly Appendage        Tmut           0%           45%         1
 Corona                   Hex            0%           45%         1
 Ensorcelled Hibernation  Hex/Ice        0%           58%         2
 Wereblood                Tmut           0%           58%         2
 Confusing Touch          Hex            0%           83%         3
 Dazzling Flash           Conj/Hex       0%           83%         3
 Spider Form              Tmut/Pois      0%           83%         3
 Tukima's Dance           Hex            0%           83%         3
 Ice Form                 Ice/Tmut       0%           99%         4
 Blade Hands              Tmut           0%           100%        5

Inventory:

Hand Weapons
 a - a +1 shortbow
 b - a +5 quarterstaff of pain (weapon)
 K - the +1 trident "Orb Guardian's Regret" {speed, rPois rF+ Int+2} Attacks with this weapon are significantly faster. It affects your intelligence (+2). It protects you from fire. It protects you from poison.
Missiles
 d - 59 arrows
Armour
 f - a +0 cloak (worn)
 j - a +0 helmet (worn)
 l - a +0 pair of gloves (worn)
 x - a +2 ring mail of cold resistance (worn)
Jewellery
 e - a ring of see invisible (right hand)
 g - an amulet of guardian spirit (around neck)
 k - an uncursed ring of protection from fire
 p - an uncursed ring of wizardry
 A - a ring of positive energy (left hand)
 B - an uncursed ring of wizardry
Wands
 w - a wand of flame (16)
 C - a wand of iceblast (13)
 E - a wand of paralysis (9)
 H - a wand of polymorph (6)
 I - a wand of random effects (13)
Scrolls
 c - 5 scrolls of teleportation {@r4}
 n - 6 scrolls of remove curse
 o - a scroll of fog
 s - 4 scrolls of magic mapping
 t - a scroll of noise {unknown}
 y - 2 scrolls of immolation {unknown}
 z - 6 scrolls of identify {@r1}
 F - 2 scrolls of enchant armour {unknown}
Potions
 h - a potion of haste {unknown}
 i - a potion of curing {@q1}
 m - a potion of flight {unknown}
 q - a potion of ambrosia {unknown}
 r - a potion of attraction {!q}
 u - 6 potions of degeneration {!q}
 v - a potion of resistance {unknown}
 D - 2 potions of lignification {unknown}
 G - a potion of heal wounds {unknown}
 J - a potion of magic {unknown}

Dungeon Overview and Level Annotations

Branches:
Dungeon (10/15)            Temple (1/1) D:6            Lair (0/6) D:9
    Orc (0/2) D:9

Altars:
Ashenzari
Cheibriados
Dithmenos
Elyvilon
Fedhas
Gozag
Hepliaklqana
Kikubaaqudgha
Makhleb
Nemelex Xobeh
Okawaru
Qazlal
Ru
Sif Muna
Trog
Uskayaw
Vehumet
Wu Jian
Xom
Yredelemnul
Zin
The Shining One

Annotations:
D:9 1 runed translucent door, kernmantle's ghost, novice OpWn

▒▒.......▒.▒ ▒<▒.▒ ▒▒▒
▒.....).... ▒.▒ ▒..
▒......▒▒▒▒▒▒ ▒.▒ ▒..
▒............ ..▒▒▒▒..
▒......▒▒▒▒▒▒ ▒.......
▒▒▒+▒........ ▒.......
▒.▒▒▒▒▒▒▒ ▒^......
▒.▒▒▒▒▒▒▒▒▒▒▒▒▒▒▒▒▒▒▒▒
▒▒▒+▒....eT....... ▒
▒.....▒▒▒▒▒▒...... ▒
▒..).......+ .....
▒.....▒▒▒▒▒▒ .?.. ▒▒▒
▒.....▒ ... ▒..
▒.....▒ .. ▒.. ▒.....▒
. ▒.. ▒.....▒ ▒..
▒.....▒ ▒..


You could see a troll.


Message History

The troll misses you. The troll misses you.
You thump the troll!
The troll is severely wounded.
The troll completely misses you. The troll barely misses you.
The troll claws you.
* * * LOW HITPOINT WARNING * * *
You hit the troll.
The troll is severely wounded.
The troll misses you. The troll closely misses you. The troll claws you!
* * * LOW HITPOINT WARNING * * *
You hit the troll.
The troll is severely wounded.
The troll misses you. The troll claws you.
* * * LOW HITPOINT WARNING * * *
The troll claws you but does no damage.
You closely miss the troll.
The troll is severely wounded.
The troll completely misses you. The troll claws you.
* * * LOW HITPOINT WARNING * * *
The troll completely misses you.
Evoke which item? (* to show all) (? for menu, Esc to quit)
Okay, then.
The troll bites you!
You die...

Action                   |  1- 3 |  4- 6 |  7- 9 | 10-12 || total
-------------------------+-------+-------+-------+-------++-------
Melee: Short sword       |   133 |   112 |       |       ||   245
       Flail             |       |    49 |       |       ||    49
       Trident           |       |    23 |   139 |    38 ||   200
       Quarterstaff      |       |       |       |   102 ||   102
 Fire: Shortbow          |    11 |   152 |   549 |   342 ||  1054
Invok: Heroism           |       |       |     5 |    10 ||    15
Evoke: Wand              |       |       |       |     2 ||     2
  Use: Scroll            |     1 |     5 |     5 |       ||    11
       Potion            |       |       |     4 |     1 ||     5
 Stab: Sleeping          |     3 |     4 |       |       ||     7
Armor: Leather armour    |    35 |    43 |       |       ||    78
       Robe              |    17 |     3 |       |       ||    20
       Ring mail         |       |       |   155 |    64 ||   219
Dodge: Dodged            |   110 |   196 |   457 |   217 ||   980

Levels and vault maps discovered:
D:1:      dpeg_arrival_circle_labyrinth_c, layout_basic
D:2:      minmay_wonky_spiral, layout_rooms, uniq_jessica
D:3:      layout_basic, kennysheep_generic_room_9
D:4:      layout_gridville, minmay_misc_feat_chi, roderic_lattice_a, uniq_robin
D:5:      layout_rooms, kennysheep_mini, uniq_prince_ribbit1
D:6:      layout_rooms, minmay_temple_entry_enclosed_plants
D:7:      layout_rooms
D:8:      layout_basic, uniq_joseph
D:9:      layout_cave_pods, dpeg_oklobed_lair, david_orc_4, serial_column_ruins,
          column_ruins_corridor_straight, column_ruins_open_tiny,
          column_ruins_columns_straight, column_ruins_columns_dead_end,
          hellmonk_ghost_happy_afterlife, elyvilon_altar_3
D:10:     layout_basic, serial_ice, serial_ice_h, serial_ice_m, serial_ice_k,
          serial_ice_a
Temple:   kilobyte_greek_temple

Notes
Turn   | Place    | Note
-------+----------+-------------------------------------------
     0 | D:1      | sanka the Deep Elf Hunter began the quest for the Orb.
     0 | D:1      | Reached XP level 1. HP: 12/12 MP: 3/3
   609 | D:1      | Reached XP level 2. HP: 16/16 MP: 4/4
   631 | D:1      | Reached skill level 6 in Bows
   933 | D:1      | Reached skill level 2 in Fighting
   933 | D:1      | Reached skill level 3 in Dodging
  1004 | D:1      | Reached XP level 3. HP: 21/21 MP: 5/5
  1078 | D:2      | Noticed Jessica
  1087 | D:1      | Killed Jessica
  1261 | D:2      | Reached skill level 4 in Dodging
  1491 | D:2      | Reached XP level 4. HP: 26/26 MP: 6/6
  2049 | D:2      | Reached skill level 5 in Dodging
  2558 | D:2      | Reached XP level 5. HP: 17/30 MP: 3/7
  2755 | D:3      | Reached skill level 6 in Dodging
  3851 | D:4      | Reached skill level 7 in Dodging
  3851 | D:4      | Reached XP level 6. HP: 34/35 MP: 6/8
  4287 | D:4      | Noticed Robin
  4314 | D:4      | Killed Robin
  4619 | D:4      | Reached skill level 8 in Dodging
  4813 | D:4      | Got a smoking trident
  4814 | D:4      | Identified the +1 trident "Orb Guardian's Regret" {speed,
                  | rPois rF+ Int+2} (You found it on level 4 of the Dungeon)
  5038 | D:5      | Entered Level 5 of the Dungeon
  5125 | D:5      | Reached skill level 7 in Bows
  5125 | D:5      | Reached XP level 7. HP: 28/40 MP: 6/9
  5502 | D:5      | Reached skill level 8 in Bows
  5817 | D:5      | Found a broken altar of Ashenzari.
  5820 | D:5      | Noticed Prince Ribbit
  5857 | D:4      | Killed Prince Ribbit
  5858 | D:4      | Reached skill level 9 in Bows
  5947 | D:5      | Reached skill level 10 in Bows
  5947 | D:5      | Reached XP level 8. HP: 31/44 MP: 7/10
  6580 | D:6      | Reached skill level 11 in Bows
  6725 | D:6      | Reached skill level 12 in Bows
  7112 | D:6      | Found a staircase to the Ecumenical Temple.
  7143 | Temple   | Entered the Ecumenical Temple
  7358 | Temple   | Became a worshipper of Warmaster Okawaru
  7455 | D:6      | Reached skill level 13 in Bows
  7631 | D:6      | Reached XP level 9. HP: 27/48 MP: 6/11
  8350 | D:7      | Reached * piety under Okawaru
  8351 | D:7      | Reached skill level 14 in Bows
  8835 | D:6      | Reached skill level 1 in Invocations
  9249 | D:6      | Reached skill level 2 in Invocations
 10131 | D:8      | Noticed Joseph
 10143 | D:7      | Reached skill level 3 in Invocations
 10413 | D:7      | Reached skill level 15 in Bows
 10413 | D:7      | Reached skill level 4 in Invocations
 10783 | D:8      | Reached ** piety under Okawaru
 10784 | D:8      | Reached skill level 9 in Dodging
 11193 | D:8      | Reached XP level 10. HP: 28/53 MP: 8/15
 12104 | D:8      | Got a shimmering buckler
 12111 | D:8      | Identified the +2 buckler of Vayzear {rF- rN+ Will+} (You
                  | found it on level 8 of the Dungeon)
 12134 | D:9      | Found a runed translucent door.
 12135 | D:9      | Noticed kernmantle's ghost (novice OpWn)
 12148 | D:9      | Reached skill level 10 in Dodging
 12362 | D:9      | Found a white marble altar of Elyvilon.
 12399 | D:9      | Found a staircase to the Lair.
 12615 | D:9      | Paralysed by a hornet for 2 turns
 12620 | D:9      | Paralysed by a hornet for 2 turns
 12913 | D:9      | Reached skill level 11 in Dodging
 13777 | D:9      | Found a staircase to the Orcish Mines.
 13994 | D:10     | Entered Level 10 of the Dungeon
 14240 | D:10     | Reached skill level 12 in Dodging
 14449 | D:10     | Killed Joseph
 15142 | D:10     | Reached skill level 13 in Dodging
 15394 | D:10     | Noticed a two-headed ogre
 15408 | D:10     | Killed a two-headed ogre
 15408 | D:10     | Reached *** piety under Okawaru
 15779 | D:10     | HP: 4/53 [troll (3)]
 15781 | D:10     | Slain by a troll

Vanquished Creatures
  A two-headed ogre (D:10)
  Joseph (D:10)
  2 hornets
  Prince Ribbit (D:4)
  A soldier ant (D:10)
  A water moccasin (D:6)
  7 orc warriors
  4 sky beasts
  2 ice beasts
  An eye of draining (D:9)
  A black bear (D:8)
  4 phantoms
  7 ogres
  2 wolves (D:10)
  2 centaurs
  5 bullfrogs
  6 scorpions
  10 killer bees
  13 wights
  2 howler monkeys
  2 electric eels (D:10)
  A bullfrog zombie (D:10)
  A jelly (D:5)
  3 bullfrog skeletons
  8 orc priests
  5 hounds
  7 orc wizards
  Jessica (D:1)
  4 iguanas
  8 worker ants
  A bullfrog simulacrum (D:10)
  2 hound skeletons
  Robin (D:4)
  A howler monkey zombie (D:6)
  A worker ant zombie (D:6)
  6 adders
  A hound simulacrum (D:10)
  2 shadow imps
  5 white imps
  2 ufetubi (D:5)
  An ooze (D:3)
  An adder zombie (D:5)
  8 worms
  2 dart slugs
  4 leopard geckos
  30 orcs
  6 giant cockroaches
  12 hobgoblins
  15 jackals
  3 quokkas
  3 ball pythons
  A ball python skeleton (D:4)
  12 bats
  4 frilled lizards
  17 goblins
  6 kobolds
  A leopard gecko skeleton (D:5)
  8 rats
269 creatures vanquished.

Vanquished Creatures (others)
  A phantom (D:8)
  2 fungi (D:9)
  10 plants
13 creatures vanquished.

Grand Total: 282 creatures vanquished

Table legend: (Time is in decaauts)
 A = Elapsed time spent in this place.
 B = Non-inter-level travel time spent in this place.
 C = Inter-level travel time spent in this place.
 D = Time resting spent in this place.
 E = Time spent auto-exploring this place.
 F = Levels seen in this place.
 G = Mean time per level.
                   A        B        C        D        E       F      G
               +--------+--------+--------+--------+--------+-----+--------+
         Total |  15488 |  14844 |    644 |   5570 |   6212 |  11 | 1408.0 |
       Dungeon |  15243 |  14651 |    592 |   5570 |   6021 |  10 | 1524.3 |
        Temple |    245 |    193 |     52 |      0 |    191 |   1 |  245.0 |
               +--------+--------+--------+--------+--------+-----+--------+

Top non-repeatable levels by time:
     D:6: 2029 daAuts
     D:7: 1800 daAuts
     D:8: 1689 daAuts
    D:10: 1681 daAuts
     D:9: 1486 daAuts
     D:5: 1407 daAuts
     D:2: 1361 daAuts
     D:4: 1322 daAuts
     D:1: 1259 daAuts
     D:3: 1206 daAuts
  Temple: 245 daAuts
